 Dungeon Crawl Stone Soup version 0.30-a0-618-gd6c86c23d0 (webtiles) character file.

Game seed: 4818514485758273303

112 avis the Chopper (level 4, 0/41 HPs)
             Began as a Hill Orc Monk on Jan 9, 2023.
             Slain by a black bear (1 damage)
             ... on level 4 of the Dungeon.
             The game lasted 00:13:24 (2933 turns).

avis the Chopper (Hill Orc Monk)                    Turns: 2933, Time: 00:13:24

Health: 0/41       AC:  9    Str: 15    XL:     4   Next: 93%
Magic:  4/4        EV:  7    Int: 10    God:
Gold:   152        SH:  0    Dex: 13    Spells: 3/3 levels left

rFire   . . .      SeeInvis .    a - +0 hand axe
rCold   . . .      Faith    .    (no shield)
rNeg    . . .      Spirit   .    y - +0 chain mail
rPois   .          Reflect  .    s - +0 helmet
rElec   .          Harm     .    (no cloak)
rCorr   .          Rampage  .    (no gloves)
Will    .....                    (no boots) Stlth
                                 (no amulet)
HPRegen 0.26/turn                (no ring)
MPRegen 0.09/turn                (no ring)

@: no status effects
A: no striking features
a: no special abilities


You were on level 4 of the Dungeon.
You visited 1 branch of the dungeon, and saw 4 of its levels.

You collected 152 gold pieces.

Inventory:

Hand Weapons
 a - a +0 hand axe (weapon)
 m - a +0 sling
 o - a +2 dagger of freezing
 t - a +0 rapier of flaming
 w - a +0 trident
Missiles
 f - 50 stones (quivered)
 x - 4 poisoned darts
Armour
 i - a +0 scale mail
 s - a +0 helmet (worn)
 y - a +0 chain mail (worn)
Magical Staves
 n - a staff of earth
 C - a staff of earth
Scrolls
 d - 3 scrolls of immolation {unknown}
 e - a scroll of enchant armour {unknown}
 k - 3 scrolls of vulnerability {unknown}
 p - 3 scrolls of identify {unknown}
 r - a scroll of blinking {unknown}
 u - a scroll of enchant weapon {unknown}
 A - a scroll of poison {unknown}
 B - 2 scrolls of noise {unknown}
Potions
 b - a potion of mutation {unknown}
 c - a potion of ambrosia
 g - a potion of invisibility {unknown}
 h - a potion of berserk rage {unknown}
 j - a potion of heal wounds {unknown}
 l - a potion of curing {unknown}
 q - a potion of flight {unknown}
 v - a potion of degeneration {unknown}
 z - 2 potions of lignification {unknown}


   Skills:
 + Level 4.4 Fighting
 * Level 5.7 Axes
 - Level 3.0 Dodging
 - Level 2.0 Stealth


You had 3 spell levels left.
You didn't know any spells.
Your spell library contained the following spells:

 Spells                   Type           Power      Damage    Failure   Level
 Blink                    Tloc           0%         N/A       100%        2
 Momentum Strike          Conj/Tloc      0%         3d8       100%        2
 Gell's Gravitas          Tloc           0%         N/A       100%        3
 Ignite Poison            Fire/Tmut/Pois 0%         N/A       100%        3
 Kindle Blastsparks       Fire/Tloc/Air  0%         2d10      100%        3
 Lesser Beckoning         Tloc           0%         N/A       100%        3
 Teleport Other           Tloc           0%         N/A       100%        3
 Freezing Cloud           Conj/Ice/Air   0%         6-21      100%        5


Dungeon Overview and Level Annotations

Branches:
Dungeon (4/15)
 Temple: D:4-7

Altars:
Xom

Shops:
D:2 [[=(


Message History

You hit the ball python.
You kill the ball python!
You hit the endoplasm.
The endoplasm is lightly wounded.
The endoplasm freezes you.
You are frozen.
You hit the endoplasm.
You kill the endoplasm!
Things that are here:
a +0 dagger; a goblin corpse You hit the black bear.
The black bear is lightly wounded.
The black bear bites you. The black bear claws you.
The black bear completely misses you.
You hit the black bear.
The black bear is moderately wounded.
The black bear bites you but does no damage.
The black bear claws you but does no damage.
The black bear claws you.
You hit the black bear.
The black bear is heavily wounded.
The black bear bites you.
The black bear claws you but does no damage. x2
You hit the black bear.
The black bear is almost dead.
The black bear goes berserk!
You hit the black bear.
The black bear is almost dead.
The black bear bites you! The black bear claws you.
The black bear claws you but does no damage.
You closely miss the black bear.
The black bear is almost dead.
The black bear bites you!
* * * LOW HITPOINT WARNING * * *
The black bear claws you.
* * * LOW HITPOINT WARNING * * *
The black bear claws you.
* * * LOW HITPOINT WARNING * * *
The black bear barely misses you. x2; The black bear claws you.
You die...

#..........##.#..!
#.#.......###.....
#.#...†.....#.....
# #.......#.<.....
#...............
###..###..<.....
#...## #.:......
#.##.######........
#........@h...#####
#.#########...# #
#...# #####


You could see a black bear (berserk).

Vanquished Creatures
  An orc wizard (D:3)
  An adder (D:2)
  A worm (D:2)
  8 orcs
  4 endoplasms
  3 giant cockroaches
  8 goblins
  6 hobgoblins
  2 jackals (D:1)
  3 quokkas
  6 ball pythons
  6 bats
  4 frilled lizards
  5 kobolds
  3 rats
61 creatures vanquished.

Vanquished Creatures (others)
  A fungus (D:2)
  A plant (D:2)
2 creatures vanquished.

Grand Total: 63 creatures vanquished

Notes
Turn   | Place    | Note
-------+----------+-------------------------------------------
     0 | D:1      | avis the Hill Orc Monk began the quest for the Orb.
     0 | D:1      | Reached XP level 1. HP: 19/19 MP: 1/1
   267 | D:1      | Reached XP level 2. HP: 27/27 MP: 2/2
   676 | D:1      | Reached XP level 3. HP: 33/33 MP: 3/3
  1249 | D:2      | Found Goutiog's Jewellery Boutique.
  1417 | D:2      | Found Bextosox's Antique Weapon Shoppe.
  1460 | D:2      | Reached skill level 5 in Axes
  1464 | D:2      | Found Fuafrile's Armour Shop.
  1506 | D:2      | Found a faded altar of an unknown god.
  1680 | D:2      | Found Umnosiem's Armour Shoppe.
  2090 | D:3      | Reached XP level 4. HP: 35/40 MP: 4/4
  2635 | D:3      | Found a shimmering altar of Xom.
  2919 | D:4      | Noticed a black bear
  2933 | D:4      | HP: 1/41 [black bear (2)]
  2933 | D:4      | Slain by a black bear

Illustrated notes

Levels and vault maps discovered:
D:1:      dpeg_arrival_morbid_curiosity, layout_basic
D:2:      layout_basic, dreamdust_ecumenical_altar_grove, serial_shops, shop,
          nicolae_lakefront_shop, shop, shop, kennysheep_donut,
          corexii_corridor_pit, minmay_pentomino_t4
D:3:      layout_rooms, xom_teletrap_fun
D:4:      lemuel_castle_with_subvaults [lemuel_castle_interior_carwin_2],
          layout_rooms, cheibrodos_sewer_entry_drain,
          nicolae_ossuary_entry_monument, minmay_surrounded

Skill      XL: |  1  2  3  4 |
---------------+-------------+-----
Stealth        | 2 |  2.0
Fighting       | 4 |  4.4
Axes           | 5 |  5.7
Dodging        | 3 |  3.0

Action                   |  1- 3 |  4- 6 || total
-------------------------+-------+-------++-------
Melee: Hand axe          |   136 |    65 ||   201
       Punch             |     1 |       ||     1
Throw: Dart              |       |     4 ||     4
Armor: Robe              |     9 |       ||     9
       Scale mail        |    36 |    19 ||    55
       Leather armour    |     4 |       ||     4
       Chain mail        |       |    17 ||    17
Dodge: Dodged            |    99 |    20 ||   119

Table legend: (Time is in decaauts)
 A = Elapsed time spent in this place.
 B = Non-inter-level travel time spent in this place.
 C = Inter-level travel time spent in this place.
 D = Time resting spent in this place.
 E = Time spent auto-exploring this place.
 F = Levels seen in this place.
 G = Mean time per level.
                   A        B        C        D        E       F      G
               +--------+--------+--------+--------+--------+-----+--------+
         Total |   2950 |   2697 |    253 |    427 |   1380 |   4 |  737.5 |
       Dungeon |   2950 |   2697 |    253 |    427 |   1380 |   4 |  737.5 |
               +--------+--------+--------+--------+--------+-----+--------+

Top non-repeatable levels by time:
     D:1: 1130 daAuts
     D:2: 1109 daAuts
     D:3: 661 daAuts
     D:4: 48 daAuts
